 Dungeon Crawl Stone Soup version 0.31.0-11-ge490571c62 (webtiles) character file.

Game seed: 16633888013085670072

85 qw the Shooter (level 4, -1/22 HPs)
             Began as a Spriggan Hunter on Feb 3, 2024.
             Slain by a goblin
             ... wielding a +0 dagger
             ... led by Robin
              (4 damage)
             ... on level 4 of the Dungeon.
             The game lasted 00:00:36 (1646 turns).

qw the Shooter (Spriggan Hunter)                    Turns: 1646, Time: 00:00:36

Health: -1/22      AC:  2    Str:  7    XL:     4   Next: 25%
Magic:  5/5        EV: 20    Int: 10    God:
Gold:   122        SH:  0    Dex: 20    Spells: 3/3 levels left

rFire   . . .        a - +0 shortbow
rCold   . . .        (shield currently unavailable)
rNeg    . . .        c - +0 robe
rPois   .            (helmet restricted)
rElec   .            (no cloak)
rCorr   .            (gloves unavailable)
SInv    +            (boots unavailable)
Will    .....        (no amulet)
Stlth   ++           (no ring)
HPRegen 0.23/turn    (no ring)
MPRegen 0.09/turn

%: no passive effects
@: very quick
A: very small, no large weapons, unfitting armour, see invisible, speed 3
a: no special abilities


You were on level 4 of the Dungeon.
You visited 1 branch of the dungeon, and saw 4 of its levels.

You collected 122 gold pieces.


Innate Abilities, Weirdness & Mutations

You are very small and have problems with some larger weapons.
You are too small for most types of armour.
You have supernaturally acute eyesight. (SInv)
You cover ground extremely quickly. (Speed+++)


   Skills:
 - Level 1.5 Fighting
 - Level 5.0 Ranged Weapons
 + Level 4.7 Dodging
 - Level 1.5 Stealth


You had 3 spell levels left.
You didn't know any spells.
Your spell library was empty.

Inventory:

Hand Weapons
 a - a +0 shortbow (weapon)
Armour
 c - a +0 robe (worn)
Scrolls
 b - a scroll of teleportation
Potions
 d - a potion of curing {unknown}
 f - a potion of haste
 i - 2 potions of might

Dungeon Overview and Level Annotations

Branches:
Dungeon (4/15)
 Temple: D:4-7

Altars:
Cheibriados

Annotations:
D:4 Robin


Message History

The goblin completely misses you. Robin throws the goblin at you!
You shoot an arrow. The arrow misses the goblin.
The goblin completely misses you. The goblin closely misses you.
You shoot an arrow. The arrow closely misses the goblin.
The arrow hits the hobgoblin.
The hobgoblin is lightly wounded.
The goblin completely misses you. Robin throws the goblin at you!
A sleepcap comes into view.
The goblin hits you but does no damage. The goblin barely misses you.
The goblin completely misses you.
You shoot an arrow. The arrow barely misses the goblin.
The arrow closely misses the hobgoblin.
The arrow hits the hobgoblin.
You kill the hobgoblin!
The goblin hits you with a +0 dagger. The goblin hits you but does no damage.
The goblin misses you. The goblin completely misses you.
You shoot an arrow. The arrow hits the goblin!
You kill the goblin!
The goblin misses you. The goblin barely misses you.
The goblin closely misses you.
You shoot an arrow. The arrow hits the hobgoblin.
The hobgoblin is almost dead.
The goblin misses you. The hobgoblin misses you. The goblin barely misses you.
The goblin misses you.
You shoot an arrow. The arrow hits the hobgoblin.
You kill the hobgoblin!
The goblin barely misses you. The goblin completely misses you.
You shoot an arrow. The arrow hits the goblin.
The goblin is moderately wounded.
The goblin closely misses you. The goblin misses you.
The goblin hits you with a +0 dagger. The goblin completely misses you. x2
You shoot an arrow. The arrow closely misses the goblin.
The goblin hits you with a +0 dagger.
A goblin comes into view. It is wielding a +0 club.
The goblin hits you but does no damage. The goblin closely misses you.
The goblin misses you.
A goblin comes into view. It is wielding a +0 club.
The goblin hits you but does no damage. The goblin hits you with a +0 dagger.
The goblin hits you but does no damage. The goblin closely misses you.
The goblin hits you with a +0 dagger.
You die...

#..##### #......#
#......+ #......#
#......# #..f...#
#.gggB.#
#####.g@ggg#
#.....####g....
#.....#..# ...
#.....#..# g
#.....#..#
#.....#..#
##'####..#########
#...............#
#(..............#


You could see a sleepcap, Robin, a giant cockroach, a hobgoblin (strong) and 7
goblins.

Vanquished Creatures
  An adder (D:2)
  A ribbon worm (D:2)
  A dart slug (D:1)
  4 ball pythons
  9 endoplasms
  4 giant cockroaches (D:1)
  8 goblins
  5 hobgoblins
  9 jackals
  5 kobolds
  4 quokkas
  4 bats
  3 rats
58 creatures vanquished.

Notes
Turn   | Place    | Note
-------+----------+-------------------------------------------
     0 | D:1      | qw the Spriggan Hunter began the quest for the Orb.
     0 | D:1      | Reached XP level 1. HP: 10/10 MP: 2/2
     0 | D:1      | 0 ||| qw: Version: 0.3-a-155-g5e7d8dd
     0 | D:1      | 0 ||| qw: Game counter: 3160
     0 | D:1      | 0 ||| qw: Melee chars always use a shield: true
     0 | D:1      | 0 ||| qw: God list: Okawaru
     0 | D:1      | 0 ||| qw: Allow faded altars: false
     0 | D:1      | 0 ||| qw: Do Orc after clearing Dungeon:15 true
     0 | D:1      | 0 ||| qw: Do second Lair branch before Depths: true
     0 | D:1      | 0 ||| qw: Lair rune preference: random
     0 | D:1      | 0 ||| qw: Goals: Normal
     0 | D:1      | 0 ||| PLANNING D:1-11
    36 | D:1      | Reached skill level 3 in Dodging
   108 | D:1      | Reached XP level 2. HP: 14/14 MP: 3/3
   548 | D:1      | Reached XP level 3. HP: 18/18 MP: 4/4
   757 | D:1      | 757 ||| READING scroll labelled MOTRALITEC.
   757 | D:1      | 757 ||| IDENTIFYING metallic purple potion
   758 | D:1      | 758 ||| READING scroll labelled YRU JUFASAH.
   759 | D:1      | 759 ||| DRINKING 2 amethyst potions.
   760 | D:1      | 760 ||| DROPPING scroll of butterflies.
   761 | D:1      | 761 ||| DROPPING potion of attraction.
   762 | D:1      | 762 ||| DROPPING potion of magic.
   969 | D:2      | Found a snail-covered altar of Cheibriados.
  1116 | D:2      | Reached skill level 5 in Ranged Weapons
  1305 | D:2      | Reached XP level 4. HP: 22/22 MP: 5/5
  1546 | D:2      | 1546 ||| READING 2 scrolls of identify.
  1546 | D:2      | 1546 ||| IDENTIFYING silvery potion
  1547 | D:2      | 1547 ||| READING scroll of identify.
  1547 | D:2      | 1547 ||| IDENTIFYING 2 fuming white potions
  1548 | D:2      | 1548 ||| READING 2 scrolls labelled EPUARIUSMU.
  1552 | D:2      | 1552 ||| READING scroll labelled FITRUI DEAWINO.
  1552 | D:2      | 1552 ||| ENCHANTING +0 shortbow.
  1553 | D:2      | 1553 ||| READING scroll labelled ERIUCER ANLUNN.
  1554 | D:2      | 1554 ||| READING scroll labelled LYELEY NEHU.
  1600 | D:3      | You fall into a shaft and drop 1 floor!
  1604 | D:4      | 1604 ||| PLANNING SEWER
  1635 | D:4      | Noticed Robin
  1646 | D:4      | HP: 3/22 [goblin/+0 dagger[Robin] (6)]
  1646 | D:4      | Slain by a goblin

Levels and vault maps discovered:
D:1:      psy_arrival_statuary, layout_basic, nicolae_kite_square_tiling_tiny,
          roderic_lattice_a, minmay_tetromino_s4
D:2:      layout_basic, basic_altar
D:3:      layout_basic, serial_shops, nicolae_shop_statue_plus, minivault_11,
          hangedman_abyss_or_decor_stabs, minmay_misc_feat_x
D:4:      layout_gridville, gammafunk_temple_overflow_pools, serial_glass,
          glass_columns_a, glass_columns_c, gammafunk_ghost_cemetery,
          portal_sewer_entry_a, minmay_small_thing, uniq_eustachio, uniq_robin

Skill      XL: |  1  2  3 |
---------------+----------+-----
Dodging        | 3 4 |  4.7
Ranged Weapons | 5 |  5.0
Fighting       | |  1.5
Stealth        | |  1.5

Action                     |  1- 3 |  4- 6 || total
---------------------------+-------+-------++-------
   Fire: Shortbow          |   146 |    20 ||   166
    Use: Scroll            |     2 |     6 ||     8
         Potion            |     1 |       ||     1
 Armour: Robe              |    35 |    14 ||    49
  Dodge: Dodged            |   116 |    26 ||   142

Table legend:
 A = Non-vault XP
 B = Vault XP
 C = Vault XP percentage of total XP
 D = Non-vault monster count
 E = Vault monster count
 F = Vault count percentage of total count
                 A         B        C        D         E       F
            +---------+---------+-------+---------+---------+-------
      Total |     110 |      12 |   9.8 |      52 |       6 |  10.3
            +---------+---------+-------+---------+---------+-------
        D:1 |      44 |       4 |   8.3 |      23 |       2 |   8.0
        D:2 |      64 |       0 |   0.0 |      28 |       0 |   0.0
        D:4 |       2 |       8 |  80.0 |       1 |       4 |  80.0
            +---------+---------+-------+---------+---------+-------
